 Dungeon Crawl Stone Soup version 0.29.1-12-g30fa7ad0bf (webtiles) character file.

Game seed: 18328642300657945387

8356 cheesebisquit the Nimble (level 11, -20/52 HPs)
             Began as a Felid Summoner on Jan 16, 2023.
             Was an Initiate of Gozag.
             Demolished by a two-headed ogre
             ... wielding a +0 giant club
              (31 damage)
             ... on level 10 of the Dungeon.
             The game lasted 02:08:00 (18298 turns).

cheesebisquit the Nimble (Felid Summoner)          Turns: 18298, Time: 02:08:01

Health: -20/52     AC:  6    Str: 13    XL:     11   Next: 8%
Magic:  15/24      EV: 24    Int: 22    God:    Gozag
Gold:   2254       SH:  0    Dex: 16    Spells: 14/27 levels left
                                        Lives:  0   Deaths: 3

rFire   . . .      SeeInvis +   (weapon unavailable)
rCold   . . .      Faith    .   (shield unavailable)
rNeg    . . .      Spirit   .   (body armour unavailable)
rPois   .          Reflect  .   (helmet unavailable)
rElec   +          Harm     .   (cloak unavailable)
rCorr   .          Rampage  .   (gloves unavailable)
Will    +....                   (boots unavailable)
Stlth   ++........              (no amulet)
HPRegen 0.17/turn               a - ring of Ischu {Wiz rElec Str+9}
MPRegen 0.19/turn               p - +4 ring of protection

@: quick
A: very small, claws 1, fangs 3, see invisible, speed 1, shaggy fur 2, stealthy
paws, no weapons or thrown items, no armour, multi-lived
a: Renounce Religion, Potion Petition, Call Merchant, Bribe Branch


You were on level 10 of the Dungeon.
You worshipped Gozag.
Gozag was most pleased with you.
You visited 2 branches of the dungeon, and saw 12 of its levels.

You collected 2318 gold pieces.
You paid 64 gold pieces to Gozag.

Inventory:

Jewellery
 a - the ring of Ischu (left paw) {Wiz rElec Str+9}
   (You found it on level 3 of the Dungeon)

   [ring of wizardry]

   It improves your spell success rate.
   Str:       It affects your strength (+9).
   rElec:     It insulates you from electricity.
 b - a ring of fire
 h - a ring of protection from fire
 p - a +4 ring of protection (right paw)
 s - a +6 ring of strength
 C - an amulet of magic regeneration
 D - a ring of poison resistance
Wands
 w - a wand of flame (12)
 E - a wand of roots (8)
Scrolls
 c - a scroll of amnesia {unknown}
 d - a scroll of enchant weapon {unknown}
 e - a scroll of noise {unknown}
 f - 2 scrolls of blinking {unknown}
 g - 2 scrolls of teleportation
 m - a scroll of vulnerability {unknown}
 o - a scroll of torment {unknown}
 r - 2 scrolls of enchant armour {unknown}
 y - 3 scrolls of butterflies
 z - 3 scrolls of acquirement {unknown}
 A - 2 scrolls of magic mapping {unknown}
Potions
 i - a potion of attraction
 j - 2 potions of haste
 k - 2 potions of berserk rage
 n - 3 potions of might
 q - 2 potions of brilliance
 u - a potion of mutation
 v - 3 potions of lignification
 x - 3 potions of resistance


   Skills:
 + Level 8.5 Fighting
 + Level 11.5 Dodging
 - Level 2.6 Stealth
 + Level 8.8 Spellcasting
 - Level 5.0 Hexes
 - Level 10.0 Summonings
 - Level 7.0 Air Magic


You had 14 spell levels left.
You knew the following spells:

 Your Spells              Type           Power      Damage    Failure   Level
a - Summon Small Mammal   Summ           100%       N/A       1%          1
b - Call Imp              Summ           52%        N/A       1%          2
c - Call Canine Familiar  Summ           52%        N/A       1%          3
d - Summon Guardian Gole  Hex/Summ       42%        N/A       1%          3
e - Summon Lightning Spi  Summ/Air       47%        N/A       1%          4

Your spell library contained the following spells:

 Spells                   Type           Power      Damage    Failure   Level
 Apportation              Tloc           18%        N/A       2%          1
 Magic Dart               Conj           36%        1d4       2%          1
 Necrotise                Necr           36%        1d5       2%          1
 Mephitic Cloud           Conj/Pois/Air  19%        N/A       3%          3
 Conjure Flame            Conj/Fire      9%         6-21      9%          3
 Gell's Gravitas          Tloc           9%         N/A       9%          3
 Ignite Poison            Fire/Tmut/Pois 9%         N/A       9%          3
 Lesser Beckoning         Tloc           9%         N/A       9%          3
 Teleport Other           Tloc           9%         N/A       9%          3
 Sticky Flame             Conj/Fire      9%         2d3       26%         4


Dungeon Overview and Level Annotations

Branches:
Dungeon (11/15)            Temple (1/1) D:4            Lair (0/5) D:8
    Orc: D:9-12

Altars:
Ashenzari
Cheibriados
Dithmenos
Elyvilon
Fedhas
Gozag
Hepliaklqana
Kikubaaqudgha
Makhleb
Nemelex Xobeh
Okawaru
Qazlal
Ru
Sif Muna
Trog
Uskayaw
Vehumet
Wu Jian
Xom
Yredelemnul
Zin
The Shining One

Annotations:
D:9 2 transporters, Dvallin's ghost, journeyman HODe


Innate Abilities, Weirdness & Mutations

You have sharp claws.
You have razor-sharp teeth.
You have supernaturally acute eyesight. (SInv)
You cover ground quickly. (Speed+)
You are covered in thick fur. (AC +2)
Your paws help you pounce on unaware monsters.
You are incapable of wielding weapons or throwing items.
You cannot wear armour.
You gain extra lives every three experience levels.


Message History

g - Guard the area. f - Follow me.
Anything else - Cancel.
Gang up on whom?
Press: ? - help, Dir - move target, f - orc warrior
Aim: an orc warrior, wielding a +0 mace, wearing a +0 chain mail and quivering boomerangs (wandering, hasn't noticed you) Attack!
The orc warrior shouts!
A two-headed ogre comes into view. It is wielding two +0 giant clubs.
You climb upwards.
There is a stone staircase leading down here.
You start resting.
Magic restored.
You start resting.
HP restored.
You climb downwards.
The two-headed ogre hits you with a +0 giant club!!
The two-headed ogre closely misses you.
There is a stone staircase leading up, spattered with blood here.
The two-headed ogre closely misses you.
The two-headed ogre completely misses you.
You climb upwards.
There is a stone staircase leading down here.
Casting: Summon Lightning Spire (dangerous; 1% risk of failure)
Confirm with . or Enter, or press ? or * to list all spells.
An electric hum fills the air.
Casting: Summon Lightning Spire (dangerous; 1% risk of failure)
Confirm with . or Enter, or press ? or * to list all spells.
The two-headed ogre hits you with a +0 giant club!!
* * * LOW HITPOINT WARNING * * *
The two-headed ogre closely misses you.
Your lightning spire shoots out a bolt of lightning at the two-headed ogre!
The bolt of electricity hits the two-headed ogre!!
Casting: Call Canine Familiar (safe; 1% risk of failure)
Confirm with . or Enter, or press ? or * to list all spells.
A beastly little devil appears in a puff of flame.
Your wolf barely misses the two-headed ogre.
The two-headed ogre hits you with a +0 giant club!!
Ouch! That really hurt!
You die...
Your body crumbles into a pile of gold.

.##.......)..#####
..8.##.8###(.....#
....##..#........#
........#........#
#########........#
#....#........#
#....#.....h..#
####....#.....5O8#
...'............@#
...#.............#
...#####..########
...# #.).# '### #[.##
.######..###
.##........#
.##........#
.##........###########


You could see a two-headed ogre (ally target), a friendly wolf (summoned), a
friendly lightning spire (summoned) and a friendly crimson imp (summoned).

Vanquished Creatures
  A sky beast (D:7)
  An electric eel (D:10)
  An orc wizard (D:3)
  A gnoll (D:7)
  A worm (D:2)
  6 ball pythons
  8 bats
  2 hobgoblins
  A kobold (D:4)
22 creatures vanquished.

Vanquished Creatures (collateral kills)
  A boulder beetle (D:10)
  A hydra (D:10)
  A tengu warrior (D:10)
  Pikel (D:4)
  Maurice (D:8)
  Psyche (D:8)
  2 trolls
  8 yaks
  A shadow (D:9)
  2 wyverns (D:9)
  A wraith (D:10)
  3 steam dragons
  Menkaure (D:7)
  An acid dragon (D:9)
  A water moccasin (D:7)
  3 ice beasts
  An orc warrior (D:8)
  A black bear (D:4)
  A sky beast (D:7)
  2 ogres (D:7)
  2 phantoms (D:4)
  5 centaurs
  A lemure (D:4)
  2 kobold brigands
  A necrophage (D:6)
  A gnoll sergeant (D:7)
  9 wights
  4 killer bees (D:8)
  2 howler monkeys
  2 electric eels (D:10)
  5 hounds
  2 jellies
  A gnoll bouda (D:6)
  An orc priest (D:8)
  7 iguanas
  Jessica (D:2)
  4 orc wizards
  15 gnolls
  5 adders
  4 white imps
  An ufetubus (D:6)
  2 worms
  2 dart slugs
  15 orcs
  6 bats
  5 endoplasms
  A giant cockroach (D:2)
  12 goblins
  8 hobgoblins
  10 jackals
  8 ball pythons
  5 frilled lizards
  12 kobolds
  4 rats
199 creatures vanquished.

Vanquished Creatures (others)
  A quicksilver ooze (shapeshifter) (D:10)
  A two-headed ogre (D:10)
  Erica (D:8)
  A tengu warrior (D:9)
  A gargoyle (D:10)
  Maggie (D:8)
  A troll (D:10)
  A hornet (D:10)
  A wyvern (D:10)
  6 yaks
  A steam dragon (D:10)
  3 orc warriors
  3 ice beasts
  A bullfrog (D:7)
  4 wights
  6 killer bees (D:8)
  An electric eel (D:10)
  A jelly (D:8)
  A gnoll (D:7)
  An orc (D:8)
  A kobold (D:8)
  4 fungi
  9 plants
51 creatures vanquished.

Grand Total: 272 creatures vanquished

Notes
Turn   | Place    | Note
-------+----------+-------------------------------------------
     0 | D:1      | cheesebisquit the Felid Summoner began the quest for the
                  | Orb.
     0 | D:1      | Reached XP level 1. HP: 7/7 MP: 4/4
    49 | D:1      | Found a faded altar of an unknown god.
   335 | D:1      | Reached XP level 2. HP: 7/11 MP: 3/6
  1201 | D:2      | Reached XP level 3. HP: 14/14 MP: 0/8
  1589 | D:2      | Reached XP level 4. HP: 14/18 MP: 6/9
  1768 | D:2      | Noticed Jessica
  1778 | D:2      | Killed Jessica
  1779 | D:2      | Reached skill level 5 in Summonings
  2270 | D:2      | Learned a level 2 spell: Call Imp
  2278 | D:2      | Learned a level 3 spell: Call Canine Familiar
  2350 | D:2      | Learned a level 3 spell: Summon Guardian Golem
  2565 | D:3      | Reached skill level 1 in Hexes
  2565 | D:3      | Reached XP level 5. HP: 21/21 MP: 5/11
  2826 | D:3      | Reached skill level 3 in Dodging
  2922 | D:3      | Found a sparkling altar of Nemelex Xobeh.
  3113 | D:3      | Killed from afar by an orc wizard
  3114 | D:3      | Reached XP level 4. HP: -1/18 MP: 9/10
  3114 | D:3      | Found a bloodstained altar of Trog.
  3124 | D:3      | Identified the ring of Ischu {Wiz rElec Str+9}
  3471 | D:3      | Reached skill level 1 in Fighting
  3695 | D:4      | Noticed a phantom
  4071 | D:4      | Killed a phantom
  4072 | D:4      | Reached XP level 5. HP: 18/22 MP: 1/11
  4548 | D:4      | Noticed a black bear
  4556 | D:4      | Killed a black bear
  4557 | D:4      | Reached skill level 4 in Dodging
  4557 | D:4      | Gained mutation: You are covered in thick fur. (AC +2)
                  | [Felid growth]
  4557 | D:4      | Reached XP level 6. HP: 26/26 MP: 1/13
  4672 | D:4      | Learned a level 4 spell: Summon Lightning Spire
  4836 | D:4      | Found a staircase to the Ecumenical Temple.
  4854 | Temple   | Entered the Ecumenical Temple
  4990 | Temple   | Became a worshipper of Gozag Ym Sagoz the Greedy
  5505 | D:4      | Noticed Pikel
  5611 | D:4      | Killed Pikel
  5612 | D:4      | Reached skill level 5 in Dodging
  5612 | D:4      | Reached XP level 7. HP: 31/31 MP: 0/15
  6185 | D:4      | Found a shadowy altar of Dithmenos.
  6443 | D:5      | Entered Level 5 of the Dungeon
  6638 | D:5      | Identified the +1 robe "Kolasch" {Slay+2}
  6789 | D:5      | Reached XP level 8. HP: 21/34 MP: 7/16
  6819 | D:5      | Reached skill level 5 in Hexes
  7426 | D:5      | Found an ornate altar of the Wu Jian Council.
  7563 | D:5      | Found a glowing golden altar of the Shining One.
  7600 | D:5      | Reached skill level 5 in Spellcasting
  8099 | D:6      | Identified the +1 robe of Gravitas {Rampage rN+ Will+}
  8179 | D:6      | Reached skill level 6 in Dodging
  8361 | D:6      | Found a shimmering blue altar of Sif Muna.
  9045 | D:6      | Found an ancient bone altar of Kikubaaqudgha.
  9052 | D:6      | Found an iron altar of Okawaru.
  9334 | D:7      | Reached XP level 9. HP: 39/39 MP: 8/18
  9396 | D:7      | Reached skill level 7 in Dodging
  9534 | D:7      | Noticed Menkaure
  9549 | D:7      | Found a flagged portal.
  9584 | D:7      | HP: 1/60 [gnoll/+0 hand axe (8)]
  9584 | D:7      | Slain by a gnoll
  9585 | D:7      | Reached XP level 8. HP: -1/54 MP: 12/17
  9593 | D:7      | Killed Menkaure
  9768 | D:7      | Reached skill level 5 in Fighting
 10693 | D:8      | Noticed Maurice
 10764 | D:8      | Killed Maurice
 10765 | D:8      | Reached skill level 8 in Dodging
 10765 | D:8      | Reached XP level 9. HP: 19/40 MP: 4/19
 10965 | D:8      | Noticed Erica
 11001 | D:8      | Killed Erica
 11002 | D:8      | Reached skill level 5 in Air Magic
 11561 | D:8      | Noticed Maggie
 11743 | D:8      | Killed Maggie
 11990 | D:8      | Reached XP level 10. HP: 45/45 MP: 12/21
 12094 | D:8      | Found a staircase to the Lair.
 12241 | D:8      | Reached skill level 9 in Dodging
 12287 | D:8      | Identified the +1 leather armour "Suenna" {rC+ Stlth+}
 12591 | D:8      | HP: 2/46 [themself (36)]
 12913 | D:8      | Noticed Psyche
 12927 | D:8      | Killed Psyche
 13238 | D:8      | Found a hide-covered altar of Uskayaw.
 14058 | D:9      | Found a transporter.
 14065 | D:9      | Noticed Dvallin's ghost (journeyman HODe)
 14074 | D:9      | Reached skill level 10 in Dodging
 14198 | D:9      | Found a stormy altar of Qazlal.
 14240 | D:9      | Found a burning altar of Makhleb.
 14270 | D:9      | Found a transporter.
 14453 | D:10     | Entered Level 10 of the Dungeon
 14536 | D:10     | Noticed a tengu warrior
 14536 | D:10     | Noticed a tengu warrior
 14925 | D:9      | Killed a tengu warrior
 14926 | D:9      | Reached XP level 11. HP: 50/50 MP: 0/23
 15331 | D:10     | Found a snail-covered altar of Cheibriados.
 15655 | D:10     | Noticed a two-headed ogre
 15668 | D:10     | Killed a two-headed ogre
 16229 | D:10     | Noticed a boulder beetle
 16229 | D:10     | Noticed an eight-headed hydra
 16229 | D:10     | Noticed a tengu warrior
 16329 | D:10     | Killed a tengu warrior
 16345 | D:10     | Killed by an exploding themself... ignited by their inner
                  | flame
 16346 | D:10     | Reached XP level 10. HP: -2/48 MP: 1/23
 16482 | D:10     | Killed a gargoyle
 16574 | D:10     | Found a sacrificial altar of Ru.
 16783 | D:10     | Noticed a jorogumo
 16791 | D:10     | Noticed a quicksilver ooze
 16791 | D:10     | a jorogumo changed into a quicksilver ooze
 16794 | D:10     | Killed a quicksilver ooze
 16795 | D:10     | Reached skill level 11 in Dodging
 16953 | D:10     | Killed an eight-headed hydra
 17251 | D:10     | Killed a boulder beetle
 17252 | D:10     | Reached skill level 10 in Summonings
 17252 | D:10     | Reached XP level 11. HP: 37/52 MP: 4/24
 17674 | D:11     | Noticed a two-headed ogre
 18184 | D:11     | Noticed a two-headed ogre
 18298 | D:10     | Demolished by a two-headed ogre

Illustrated notes

Levels and vault maps discovered:
D:1:      dpeg_arrival_pits, layout_rooms, shapermc_ecumenical_altar_ellora,
          minivault_14, minmay_misc_feat_columns
D:2:      layout_basic, minmay_joined_circles, uniq_jessica
D:3:      layout_basic, lemuel_round_altar, nemelex_spade_bored_becter,
          eino_curves_03, minmay_misc_feat_alley
D:4:      layout_basic, grunt_dithmenos_smoke_and_mirrors,
          minmay_temple_entry_junction, portal_sewer_entry_a, uniq_pikel
D:5:      layout_loops_corners, lemuel_coloured_pillars_altar,
          lemuel_crystal_altar
D:6:      layout_cave_pools, mainiacjoe_overflow_24_doors,
          amethyst_overflow_temple_binary
D:7:      layout_cave_pools, enter_bailey_7, minmay_misc_feat_rows,
          serial_bayou_pond_a, minmay_misc_feat_tiny, uniq_menkaure
D:8:      layout_basic, nicolae_uskayaw_dance_studio, dpeg_oklobed_lair,
          kennysheep_generic_room_7, uniq_maggie, uniq_psyche, uniq_maurice,
          uniq_erica
D:9:      layout_long_grid, marbit_many_paths, nicolae_qazlal_eye_of_the_storm,
          gammafunk_ghost_stat_death
D:10:     layout_basic, mainiacjoe_overflow_alcove_1, kennysheep_little_box,
          wad_scary_box
D:11:     layout_cave_pools, nicolae_take_the_stairs, uniq_harold
Temple:   nicolae_temple_figure_zero

Skill      XL: |  1  2  3  4  5  6  7  8  9 10 11 |
---------------+----------------------------------+-----
Spellcasting   | 3 4 6 7 8 |  8.8
Summonings     | 5 6 7 8 10 | 10.0
Hexes          | 2 4 5 |  5.0
Dodging        | 4 5 8 7 11 | 11.5
Fighting       | 1 3 5 6 8 |  8.5
Air Magic      | 2 4 5 7 |  7.0
Stealth        | |  2.6

Action                   |  1- 3 |  4- 6 |  7- 9 | 10-12 || total
-------------------------+-------+-------+-------+-------++-------
Melee: Unarmed           |    30 |    22 |    12 |     5 ||    69
       Bite              |     7 |     1 |     2 |       ||    10
 Cast: Summon Small Mamm |    67 |    96 |    97 |    80 ||   340
       Call Imp          |       |    25 |    40 |    34 ||    99
       Summon Guardian G |       |    12 |    38 |    37 ||    87
       Call Canine Famil |       |    22 |    55 |    47 ||   124
       Summon Lightning  |       |       |     1 |    11 ||    12
Evoke: Wand              |       |       |       |     1 ||     1
  Use: Potion            |     2 |     2 |     5 |     2 ||    11
       Scroll            |       |     2 |    10 |     8 ||    20
 Stab: Sleeping          |     2 |     1 |       |       ||     3
       Distracted        |       |     1 |       |       ||     1
Armor: Skin              |     5 |     1 |    19 |     8 ||    33
Dodge: Dodged            |    67 |    48 |   149 |   102 ||   366
